 Dungeon Crawl Stone Soup version 0.26.0-91-g99b343417d (webtiles) character file.

Game seed: 6705601948774748692

4975 PentaManta the Schismatic (level 10, -3/96 HPs)
             Began as a Troll Abyssal Knight on Feb 3, 2021.
             Was an Elder of Lugonu.
             Slain by a death yak (14 damage)
             ... on level 8 of the Dungeon.
             The game lasted 00:16:44 (8035 turns).

PentaManta the Schismatic (Troll Abyssal Knight)    Turns: 8035, Time: 00:16:45

Health: -3/96      AC: 11    Str: 25    XL:     10   Next: 29%
Magic:  15/15      EV: 14    Int:  8    God:    Lugonu [****..]
Gold:   642        SH:  9    Dex:  9    Spells: 9/9 levels left

rFire    . . .     SeeInvis .     - Unarmed
rCold    . . .     Faith    .   p - +0 kite shield
rNeg     . . .     Spirit   .   L - +0 robe {Will+}
rPois    .         Reflect  .   (helmet restricted)
rElec    .         Harm     .   r - +0 cloak
rCorr    .         Rampage  .   (gloves unavailable)
Will     +....                  (boots unavailable)
Stlth    +.........             (no amulet)
HPRegen  0.66/turn              H - +4 ring of evasion
MPRegen  0.14/turn              v - +4 ring of protection

@: no status effects
A: large, unfitting armour, claws 3, regeneration 1, shaggy fur 1, tough skin 3
a: Renounce Religion, Depart the Abyss, Bend Space, Banish, Corrupt


You were on level 8 of the Dungeon.
You worshipped Lugonu.
Lugonu was greatly pleased with you.
You visited 2 branches of the dungeon, and saw 10 of its levels.
You visited the Abyss 1 time.

You collected 778 gold pieces.
You spent 136 gold pieces at shops.

Inventory:

Hand Weapons
 o - a cursed +0 hunting sling
 y - a +1 short sword of venom
Missiles
 d - 309 stones
 e - 27 poisoned darts
 g - 2 datura-tipped darts
 t - 14 atropa-tipped darts
 u - a boomerang (quivered)
 E - 3 large rocks
Armour
 p - a +0 kite shield (worn)
 r - a +0 cloak (worn)
 L - a +0 robe of willpower (worn)
Jewellery
 v - a +4 ring of protection (right claw)
 H - a +4 ring of evasion (left claw)
 I - an uncursed ring of flight
 M - an uncursed amulet of magic regeneration {unknown}
Wands
 A - a wand of flame (14)
Scrolls
 b - 4 scrolls of magic mapping
 c - 4 scrolls of identify
 f - a scroll of blinking {unknown}
 h - 5 scrolls of enchant weapon {unknown}
 l - 5 scrolls of remove curse
 q - 2 scrolls of enchant armour {unknown}
 s - 4 scrolls of fog {unknown}
 w - 2 scrolls of immolation {unknown}
 x - 6 scrolls of teleportation {unknown}
 C - a scroll of noise {unknown}
 G - a scroll of fear {unknown}
 N - a scroll of amnesia {unknown}
Potions
 a - a potion of magic {unknown}
 i - 2 potions of invisibility
 j - a potion of lignification
 k - a potion of haste
 m - 2 potions of might
 n - 4 potions of mutation
 z - 2 potions of curing {unknown}
 B - a potion of brilliance {unknown}
 D - 4 potions of degeneration {unknown}
 F - a potion of berserk rage {unknown}
 J - a potion of cancellation {unknown}
 K - a potion of heal wounds


   Skills:
 + Level 5.4 Fighting
 - Level 2.0 Throwing
 + Level 5.1 Dodging
 + Level 4.5 Shields
 + Level 7.6 Unarmed Combat
 - Level 8.0 Invocations


You had 9 spell levels left.
You didn't know any spells.
Your spell library contained the following spells:

 Spells                   Type           Power        Failure   Level
 Animate Skeleton         Necr           0%           75%         1
 Apportation              Tloc           0%           75%         1
 Corona                   Hex            0%           75%         1
 Summon Small Mammal      Summ           0%           75%         1
 Poisonous Vapours        Pois/Air       0%           86%         2
 Conjure Flame            Conj/Fire      0%           98%         3
 Mephitic Cloud           Conj/Pois/Air  0%           98%         3
 Freezing Cloud           Conj/Ice/Air   0%           100%        6


Dungeon Overview and Level Annotations

Branches:
Dungeon (9/15)             Temple (1/1) D:5
   Lair: D:8-11         Orc: D:9-12

Altars:
Cheibriados
Dithmenos
Elyvilon
Fedhas
Gozag
Makhleb
Okawaru
Qazlal
Sif Muna
Trog
Vehumet
Wu Jian
Xom
Zin
The Shining One

Shops:
D:4 *

Annotations:
D:9 Erica


Innate Abilities, Weirdness & Mutations

You are too large for most types of armour.
You have claws for hands.
Your natural rate of healing is unusually fast.
You are covered in fur. (AC +1)
You have extremely tough skin. (AC +3)


Message History

The death yak gores you but does no damage.
You scratch the death yak.
The death yak is heavily wounded.
Erica the Fiery-Tempered comes into view.
She is wielding a +4 scimitar of flaming and wearing a +2 robe of willpower.
You block the death yak's attack. The death yak gores you!!
You barely miss the death yak.
The death yak is moderately wounded.
The death yak misses you. The death yak gores you!!
* * * LOW HITPOINT WARNING * * *
There is a stone staircase leading up here.
Unknown command.
The death yak gores you.
* * * LOW HITPOINT WARNING * * *
You climb upwards.
There is a stone staircase leading down, spattered with blood here.
You see here a +0 club.
The death yak gores you!
* * * LOW HITPOINT WARNING * * *
The death yak gores you!
You die...

##.#.##..# #.# #.#.#
##.#.##..# ###.### #.#.#
...#.#)..# #.....# #.#.#
##.#...#.#####.....###.#.#
#.........(........<.....#
...###.####.##.....#####.#
..## #.# #.##.....# #.# ..#
#.# ##.####Y### #.### ..#
#.###...###@# #...# #.#
#.........#Y# ###.# #.#
#.###...#.#.# #.# #.# #.#
##.##...# #.# #.# #.#
#.##.###########.# #.# #.#
#.##.............#
#.####.####.##.#############
#...........##.#
######.........#


You could see 2 death yaks.

Vanquished Creatures
  A death yak (D:8)
  Pikel (D:6)
  Prince Ribbit (D:6)
  2 yaks (D:9)
  A wyvern (D:5)
  Edmund (D:4)
  Duvessa (D:4)
  2 ice beasts (D:8)
  An orc warrior (D:8)
  A sky beast (D:5)
  2 black bears (D:8)
  3 ogres
  3 lemures (D:6)
  A centaur (D:5)
  4 bullfrogs
  Dowan (D:4)
  2 scorpions
  3 killer bees (D:8)
  3 wights (D:7)
  2 howler monkeys
  A crimson imp (D:6)
  A jelly (D:8)
  2 bullfrog zombies
  4 hounds
  4 orc priests
  An orc wizard (D:7)
  3 iguanas
  7 worker ants
  A hound skeleton (D:7)
  A howler monkey zombie (D:7)
  A worker ant zombie (D:5)
  4 gnolls
  16 adders
  2 shadow imps
  2 white imps (D:6)
  An ufetubus (D:8)
  An ooze (D:3)
  An adder skeleton (D:5)
  3 worms
  7 dart slugs
  7 leopard geckos
  23 orcs
  5 giant cockroaches
  9 goblins
  9 hobgoblins
  3 jackals (D:6)
  9 kobolds
  7 quokkas
  4 ball pythons
  15 bats
  9 frilled lizards
  A jackal skeleton (D:7)
  A leopard gecko skeleton (D:5)
  A quokka skeleton (D:5)
  6 rats
208 creatures vanquished.

Notes
Turn   | Place    | Note
-------+----------+-------------------------------------------
     0 | Abyss:1  | PentaManta the Troll Abyssal Knight began the quest for the
                  | Orb.
     0 | Abyss:1  | Reached XP level 1. HP: 22/22 MP: 1/1
    55 | Abyss:2  | Noticed a purple draconian
    59 | D:1      | Escaped the Abyss
   158 | D:1      | Reached * piety under Lugonu
   169 | D:1      | Reached XP level 2. HP: 29/29 MP: 2/2
   587 | D:1      | You fall into a shaft and drop 1 floor!
   605 | D:1      | Reached XP level 3. HP: 36/36 MP: 3/3
  1024 | D:2      | Reached XP level 4. HP: 40/44 MP: 4/4
  1046 | D:2      | HP: 2/44 [gnoll/+1 spear of flaming (2)]
  1234 | D:2      | Reached ** piety under Lugonu
  1673 | D:3      | Reached XP level 5. HP: 21/50 MP: 5/5
  1702 | D:3      | Reached skill level 5 in Unarmed Combat
  1702 | D:3      | Reached skill level 2 in Invocations
  1824 | D:3      | Reached skill level 1 in Throwing
  2088 | D:3      | You fall into a shaft and drop 1 floor!
  2123 | D:4      | Reached XP level 6. HP: 59/59 MP: 6/6
  2195 | D:4      | Reached *** piety under Lugonu
  2200 | D:4      | Reached skill level 1 in Shields
  2426 | D:4      | Found Xyemazaq's Assorted Antiques.
  2431 | D:4      | Bought a scroll labelled TOBRIPN BYNNOF for 34 gold pieces
  2431 | D:4      | Bought a scroll labelled ULYSISORCHE for 34 gold pieces
  2431 | D:4      | Bought a scroll labelled LOEMUJ HARCH for 34 gold pieces
  2431 | D:4      | Bought a scroll labelled LOEMUJ HARCH for 34 gold pieces
  2711 | D:3      | You fall into a shaft and drop 1 floor!
  2767 | D:4      | Noticed Dowan
  2768 | D:4      | Noticed Duvessa
  2789 | D:4      | Killed Duvessa
  2790 | D:4      | Reached skill level 3 in Invocations
  2796 | D:4      | Reached XP level 7. HP: 11/67 MP: 8/8
  2814 | D:4      | Killed Dowan
  3229 | D:4      | Noticed Edmund
  3245 | D:4      | Killed Edmund
  3246 | D:4      | Reached skill level 4 in Invocations
  3577 | D:5      | Entered Level 5 of the Dungeon
  3631 | D:5      | Noticed a wyvern
  3637 | D:5      | Killed a wyvern
  3638 | D:5      | Reached skill level 5 in Invocations
  3682 | D:5      | Found a glowing silver altar of Zin.
  3790 | D:5      | Reached XP level 8. HP: 70/75 MP: 11/11
  3808 | D:5      | Reached skill level 6 in Invocations
  3922 | D:5      | Found a staircase to the Ecumenical Temple.
  3924 | D:5      | Noticed Pikel
  4005 | D:6      | Killed Pikel
  4006 | D:6      | Reached skill level 8 in Invocations
  4025 | Temple   | Entered the Ecumenical Temple
  4584 | D:6      | Found a snail-covered altar of Cheibriados.
  4611 | D:6      | Found an iron altar of Okawaru.
  4705 | D:6      | Noticed Prince Ribbit
  5084 | D:6      | Found a burning altar of Makhleb.
  5084 | D:6      | Found a radiant altar of Vehumet.
  5091 | D:6      | Reached XP level 9. HP: 83/83 MP: 14/14
  5381 | D:7      | Reached **** piety under Lugonu
  6765 | D:8      | Found a glowing golden altar of the Shining One.
  6802 | D:8      | Noticed a white ugly thing
  6803 | D:8      | Banished a white ugly thing
  6848 | D:8      | Found a shimmering altar of Xom.
  7136 | D:6      | Found an iron altar of Okawaru.
  7171 | D:6      | Found a snail-covered altar of Cheibriados.
  7327 | D:6      | Killed Prince Ribbit
  7656 | D:6      | Found a radiant altar of Vehumet.
  7657 | D:6      | Found a burning altar of Makhleb.
  7853 | D:8      | Reached skill level 5 in Fighting
  7853 | D:8      | Reached XP level 10. HP: 89/96 MP: 15/15
  7902 | D:9      | Noticed a death yak
  7967 | D:8      | Killed a death yak
  7968 | D:8      | Reached skill level 5 in Dodging
  8019 | D:9      | Noticed a death yak
  8020 | D:9      | Noticed a death yak
  8030 | D:9      | Noticed Erica
  8035 | D:8      | Slain by a death yak

Illustrated notes

Levels and vault maps discovered:
D:1:      amcnicky_arrival_single_pillar, layout_basic, st_stairs_11,
          kennysheep_boxes
D:2:      layout_rooms
D:3:      layout_basic
D:4:      layout_loops_cross, serial_shops, shop, uniq_duvessa, uniq_edmund
D:5:      layout_cave_pools, minmay_temple_entry_tees, basic_altar,
          chequers_jeans, uniq_pikel
D:6:      layout_loops_cross, grunt_temple_overflow_lords_of_destruction,
          lemuel_crystal_altar, kennysheep_okawaru_gauntlet, uniq_prince_ribbit1
D:7:      layout_cave_pods
D:8:      layout_loops_ring, tgw_xom, kennysheep_little_box
D:9:      layout_basic, lemuel_doored_altar, grunt_temple_overflow_octagram,
          dpeg_lair_monsters, chequers_avenue, uniq_erica
Temple:   nicolae_temple_figure_zero

Skill      XL: |  1  2  3  4  5  6  7  8  9 10 |
---------------+-------------------------------+-----
Unarmed Combat | 3 4 5 7 |  7.6
Dodging        | 2 3 4 5 |  5.1
Invocations    | 2 3 5 8 |  8.0
Throwing       | 1 2 |  2.0
Shields        | 1 2 4 |  4.5
Fighting       | 3 5 |  5.4

Action                   |  1- 3 |  4- 6 |  7- 9 | 10-12 || total
-------------------------+-------+-------+-------+-------++-------
Melee: Unarmed           |   111 |   193 |   407 |    65 ||   776
       Punch             |       |     1 |       |       ||     1
Throw: Boomerang         |       |       |     2 |       ||     2
Invok: Depart the Abyss  |     1 |       |       |       ||     1
       Bend Space        |       |     1 |       |       ||     1
       Banish            |       |       |     1 |       ||     1
  Use: Scroll            |     2 |     7 |       |       ||     9
       Potion            |       |       |     1 |       ||     1
Armor: Robe              |    65 |    63 |   127 |    15 ||   270
Dodge: Dodged            |    67 |    65 |   157 |    43 ||   332
Block: Kite shield       |       |    43 |   154 |    28 ||   225
